 Dungeon Crawl Stone Soup version 0.20-a0-949-g916514f (webtiles) character file.

81 Lifeless the Skirmisher (level 4, -12/37 HPs)
             Began as a Demonspawn Abyssal Knight on Apr 4, 2017.
             Was a Believer of Lugonu.
             Killed by divine providence
             ... invoked by an orc priest
              (15 damage)
             ... on level 3 of the Dungeon.
             The game lasted 00:13:03 (2466 turns).

Lifeless the Skirmisher (Demonspawn Abyssal Knight) Turns: 2466, Time: 00:13:04

Health: -12/37     AC:  6    Str: 14    XL:     4   Next: 20%
Magic:  5/5        EV: 10    Int: 14    God:    Lugonu [**....]
Gold:   155        SH:  0    Dex: 13    Spells: 3/3 levels left

rFire    . . .     SeeInvis .   a - +1 falchion
rCold    . . .     Gourm    .   (no shield)
rNeg     . . .     Faith    .   i - +1 ring mail
rPois    .         Spirit   .   (no helmet)
rElec    .         Reflect  .   (no cloak)
rCorr    .         Harm     .   (no gloves)
MR       .....                  (no boots)
Stlth    +.........             (no amulet)
Regen    0.2/turn               k - +2 ring of strength
MPRegen  0.1/turn               (no ring)

@: no status effects
A: powered by death 1
a: Depart the Abyss, Bend Space, Renounce Religion


You were on level 3 of the Dungeon.
You worshipped Lugonu.
Lugonu was pleased with you.
You were very hungry.

You visited 1 branch of the dungeon, and saw 3 of its levels.
You visited the Abyss 1 time.

You collected 155 gold pieces.

Inventory:

Hand Weapons
 a - a +1 falchion (weapon)
Armour
 i - a +1 ring mail (worn)
Jewellery
 k - a +2 ring of strength (left hand)
Scrolls
 e - a scroll of remove curse
 j - 2 scrolls of fog {unknown}
 l - a scroll of noise {unknown}
Potions
 b - a potion of resistance {unknown}
 g - 2 potions of lignification {unknown}
 h - 2 potions of curing {unknown}
 m - 2 potions of heal wounds {unknown}
Comestibles
 c - 3 bread rations
 d - a royal jelly
 f - 3 meat rations


   Skills:
 + Level 3.7 Fighting
 + Level 2.8 Long Blades
 + Level 2.4 Armour
 + Level 1.2 Dodging
 + Level 2.5 Invocations


You had 3 spell levels left.
You didn't know any spells.

Dungeon Overview and Level Annotations

Branches:
Dungeon (3/15)

Altars:


Innate Abilities, Weirdness & Mutations

You regenerate a little health from kills.


Message History

You hit the orc priest.
The orc priest is heavily wounded.
The orc priest looks encouraged for a moment.
You hit the orc priest.
The orc priest is severely wounded.
The orc priest closely misses you.
You closely miss the orc priest.
The orc priest is severely wounded.
The orc priest casts a cantrip, but nothing happens.
The orc priest calls down the wrath of Beogh upon you.
Beogh smites you!
* * * LOW HITPOINT WARNING * * *
You barely miss the orc priest.
The orc priest is severely wounded.
The orc priest hits you but does no damage.
You barely miss the orc priest.
The orc priest is severely wounded.
The orc priest mumbles some strange prayers to Beogh against you.
Beogh smites you!
You die...

....####............#
.........#..>........#
....######..........##
...## ##..........#
..#######...........#
#####...)...........#
#..##########.#### . ##.##
#.# .. ###..## #@# .o.
......# ####o### ....
......## #......# .....
.....†.######......##......
######.##..................
######.#..#####........#.#.
#........######..#.#..#..#
..###...................##
......##.#####.......####


You could see an orc priest.

Vanquished Creatures
  2 adders (D:2)
  A dart slug (D:2)
  3 leopard geckos
  5 orcs (D:3)
  4 bats
  2 giant cockroaches
  11 goblins
  7 hobgoblins
  4 kobolds
  2 frilled lizards
  7 rats
48 creatures vanquished.

Notes
Turn   | Place    | Note
-------+----------+-------------------------------------------
     0 | Abyss:1  | Lifeless the Demonspawn Abyssal Knight began the quest for the Orb.
     0 | Abyss:1  | Reached XP level 1. HP: 18/18 MP: 2/2
    31 | Abyss:1  | Noticed a small abomination
    32 | D:1      | Escaped the Abyss
   195 | D:1      | Reached * piety under Lugonu
   657 | D:1      | Gained mutation: You regenerate a little health from kills. [demonic ancestry]
   657 | D:1      | Reached XP level 2. HP: 23/24 MP: 3/3
  1517 | D:2      | Reached XP level 3. HP: 27/29 MP: 4/4
  1576 | D:2      | Reached skill level 1 in Dodging
  1993 | D:2      | Reached XP level 4. HP: 37/37 MP: 5/5
  2257 | D:3      | Reached ** piety under Lugonu
  2466 | D:3      | Killed from afar by an orc priest

Vault maps used:
D:1:      dpeg_arrival_chambers_temple_mockup
D:2:      kennysheep_the_goblin_king, first_bread
D:3:      corexii_shack, uniq_robin

Skill      XL: |  1  2  3 |
---------------+----------+-----
Long Blades    | 2 |  2.8
Armour         | 2 |  2.4
Dodging        | 1 |  1.2
Fighting       | |  3.7
Invocations    | |  2.5

Action                   |  1- 3 |  4- 6 || total
-------------------------+-------+-------++-------
Melee: Falchion          |   117 |    29 ||   146
Invok: Depart the Abyss  |     1 |       ||     1
  Use: Scroll            |     6 |       ||     6
  Eat: Chunk             |     3 |     1 ||     4
Armor: Leather armour    |    10 |       ||    10
       Ring mail         |    25 |     4 ||    29
Dodge: Dodged            |    64 |    15 ||    79
       Rpst.: Falchion   |    18 |     2 ||    20
